 Dungeon Crawl Stone Soup version 0.29-a0-356-g7bc237e783 (webtiles) character file.

Game seed: 16546749787906187108

1903 Patoropollo the Destroyer (level 8, -5/41 HPs)
             Began as a Deep Elf Fire Elementalist on Apr 25, 2022.
             Slain by an orc warrior
             ... wielding a +0 broad axe
              (13 damage)
             ... in a bailey.
             The game lasted 00:16:09 (6798 turns).

Patoropollo the Destroyer (DEFE)                    Turns: 6798, Time: 00:16:11

Health: -5/41      AC:  4    Str:  7    XL:     8   Next: 94%
Magic:  0/20       EV: 16    Int: 23    God:
Gold:   272        SH:  5    Dex: 15    Spells: 5/21 levels left

rFire   + . .      SeeInvis .   h - +0 quarterstaff (drain)
rCold   . . .      Faith    .   (shield currently unavailable)
rNeg    . . .      Spirit   .   a - +1 robe
rPois   .          Reflect  +   (no helmet)
rElec   .          Harm     .   (no cloak)
rCorr   .          Rampage  .   (no gloves)
Will    .....                   m - +0 pair of boots
Stlth   ++........              w - amulet of reflection
HPRegen 0.13/turn               n - +4 ring of evasion
MPRegen 0.17/turn               r - ring of protection from fire

@: no status effects
A: claws 1, talons 1, deterioration 1, strong 1, subdued magic 1
a: no special abilities


You were in a bailey.
You visited 1 branch of the dungeon, and saw 7 of its levels.
You also visited: Bailey.

You collected 374 gold pieces.
You spent 102 gold pieces at shops.

Inventory:

Hand Weapons
 h - a +0 quarterstaff of draining (weapon)
Missiles
 g - a throwing net
Armour
 a - a +1 robe (worn)
 m - a +0 pair of boots (worn)
Jewellery
 n - a +4 ring of evasion (left claw)
 p - a +4 ring of protection
 r - a ring of protection from fire (right claw)
 t - a ring of protection from fire
 w - an amulet of reflection (around neck)
Wands
 j - a wand of digging (3)
 u - a wand of acid (10)
 v - a wand of iceblast (11)
Scrolls
 b - a scroll of magic mapping
 d - 2 scrolls of noise
 f - a scroll of brand weapon
 i - 4 scrolls of identify
 k - 6 scrolls of teleportation
 l - 2 scrolls of immolation
 y - a scroll of fear {unknown}
Potions
 c - 7 potions of curing
 e - 2 potions of degeneration
 o - 4 potions of lignification
 q - 2 potions of magic
 s - a potion of ambrosia
 x - a potion of resistance {unknown}
 z - a potion of heal wounds {unknown}


   Skills:
 - Level 2.4 Dodging
 - Level 2.4 Stealth
 + Level 7.2 Spellcasting
 + Level 13.9 Conjurations
 + Level 6.4 Fire Magic


You had 5 spell levels left.
You knew the following spells:

 Your Spells              Type           Power      Damage    Failure   Level
a - Foxfire               Conj/Fire      100%       2x1d9     1%          1
b - Scorch                Fire           58%        2d7       1%          2
c - Conjure Flame         Conj/Fire      42%        6-21      1%          3
d - Flame Wave            Conj/Fire      42%        2d9       1%          4
e - Starburst             Conj/Fire      21%        6d7       14%         6

Your spell library contained the following spells:

 Spells                   Type           Power      Damage    Failure   Level
 Dazzling Flash           Conj/Hex       62%        N/A       1%          3
 Iskenderun's Mystic Bla  Conj/Tloc      31%        2d8       3%          4
 Inner Flame              Hex/Fire       17%        N/A       4%          3
 Slow                     Hex            24%        N/A       6%          1
 Confusing Touch          Hex            6%         N/A       19%         3
 Summon Guardian Golem    Hex/Summ       6%         N/A       19%         3
 Vampiric Draining        Necr           6%         2d6       19%         3
 Yara's Violent Unravell  Hex/Tmut       3%         3d4       89%         5
 Orb of Destruction       Conj           27%        9d9       17%         7
 Spellforged Servitor     Conj/Summ      15%        N/A       98%         7
 Summon Cactus Giant      Summ           3%         N/A       100%        6
 Enfeeble                 Hex            3%         N/A       100%        7
 Malign Gateway           Summ/Tloc      3%         N/A       100%        7
 Summon Horrible Things   Summ           3%         N/A       100%        8


Dungeon Overview and Level Annotations

Branches:
Dungeon (7/15)             Temple (0/1) D:7          Bailey (1/1)

Altars:
Uskayaw

Shops:
D:4 *

Annotations:
D:4 2 runed translucent doors, Darius099's ghost, novice GrFi Bailey 3 runed translucent doors


Innate Abilities, Weirdness & Mutations

You have sharp fingernails.
You have sharp toenails.
Your body sometimes deteriorates upon taking damage.
Your muscles are strong. (Str +2)
Your spells are a little easier to cast, but a little less powerful.


Message History

There is an open door here.
The orc warlord shouts!
You see here a boomerang.
An orc warrior comes into view. It is wielding a +0 broad axe.
The orc warrior shouts!
You see here 2 boomerangs.
Your extra speed is starting to run out.
Found a gate leading back out of this place.
There is an open door here.
Casting: Scorch (safe; 1% risk of failure)
Confirm with . or Enter, or press ? or * to list all spells.
Nothing appears to happen.
Casting: Scorch (safe; 1% risk of failure)
Confirm with . or Enter, or press ? or * to list all spells.
Flames lash the orc warrior.
The orc warrior is lightly wounded.
The orc warrior's fire resistance burns away.
You feel yourself slow down.
You barely miss the orc warrior.
The orc warrior is lightly wounded.
The orc warrior completely misses you.
You hit the orc warrior.
The orc warrior is moderately wounded.
The orc warrior is no longer more vulnerable to fire.
The orc warrior hits you with a +0 broad axe!
* * * LOW HITPOINT WARNING * * *
You block the orc warrior's attack.
You hit the orc warrior.
The orc warrior is moderately wounded.
You block the orc warrior's attack.
You sock the orc warrior!
The orc warrior is severely wounded.
You block the orc warrior's attack.
Casting: Scorch (safe; 1% risk of failure)
Confirm with . or Enter, or press ? or * to list all spells.
Flames lash the orc warrior.
The orc warrior is lightly wounded.
The orc warrior's fire resistance burns away.
The orc warrior hits you with a +0 broad axe!
You die...

♣♣♣∩♣♣♣ #### ♣♣.....♣♣♣
##...##.........#
##.....##.......#
##...8...##≈≈≈≈≈#
##.........#≈≈≈≈≈#
#..........#≈≈≈≈≈#...
♣≈≈#..8..8....oo@...'...
♣≈≈#.......(#########...
♣≈≈##......##≈≈≈#≈
♣...##...(.#≈)....
♣....##....#o?.... ..≈ ....#
♣.....#....##8.8.. .8≈##...#
......'.....#.........≈≈+...#
∩.∩...'.)(..#....∩....≈≈+...#
......'.((..#.........≈≈+...#


You could see 2 orc warriors.

Vanquished Creatures
  3 orc warriors (Bailey)
  2 ice beasts
  2 ogres
  A black bear (D:4)
  2 centaurs
  2 phantoms (D:5)
  A necrophage (D:7)
  A scorpion (D:7)
  A jelly (D:7)
  3 hounds
  A gnoll shaman (D:4)
  2 orc wizards
  2 iguanas
  12 gnolls
  9 adders
  A shadow imp (D:5)
  3 white imps
  An ufetubus (D:5)
  2 worms
  2 dart slugs (D:1)
  12 orcs
  8 ball pythons
  5 endoplasms
  4 giant cockroaches
  8 goblins
  5 hobgoblins
  13 jackals
  4 quokkas
  6 bats
  2 frilled lizards (D:2)
  12 kobolds
  7 rats
139 creatures vanquished.

Vanquished Creatures (others)
  134 foxfires
134 creatures vanquished.

Grand Total: 273 creatures vanquished

Notes
Turn   | Place    | Note
-------+----------+-------------------------------------------
     0 | D:1      | Patoropollo the Deep Elf Fire Elementalist began the quest
                  | for the Orb.
     0 | D:1      | Reached XP level 1. HP: 10/10 MP: 6/6
   358 | D:1      | Reached XP level 2. HP: 15/15 MP: 5/8
   846 | D:1      | Reached skill level 2 in Conjurations
  1016 | D:1      | Learned a level 2 spell: Scorch
  1101 | D:2      | Reached XP level 3. HP: 9/19 MP: 7/10
  2020 | D:2      | Reached XP level 4. HP: 24/24 MP: 7/12
  2333 | D:2      | Learned a level 3 spell: Conjure Flame
  2338 | D:2      | Learned a level 4 spell: Flame Wave
  2499 | D:3      | Reached skill level 3 in Conjurations
  2800 | D:3      | Reached XP level 5. HP: 17/28 MP: 1/14
  3074 | D:3      | Reached skill level 5 in Spellcasting
  3315 | D:3      | Identified the +9 mace of Wounding {freeze, rN+ Str+3}
  3645 | D:3      | Reached skill level 13 in Conjurations
  3645 | D:3      | Reached XP level 6. HP: 32/32 MP: 15/15
  3988 | D:4      | Found a large runed translucent door.
  3988 | D:4      | Found a large runed translucent door.
  4182 | D:4      | Noticed Darius099's ghost (novice GrFi)
  4273 | D:4      | Found Buchovvi's Assorted Antiques.
  4279 | D:4      | Bought 2 scrolls of identify for 84 gold pieces
  4279 | D:4      | Bought a purple potion for 18 gold pieces
  4298 | D:5      | Entered Level 5 of the Dungeon
  4348 | D:4      | Found a hide-covered altar of Uskayaw.
  4594 | D:5      | Reached skill level 5 in Fire Magic
  4594 | D:5      | Reached XP level 7. HP: 36/36 MP: 9/17
  5134 | D:5      | Identified the +3 chain mail "Jidghoti" {Str+8}
  5388 | D:5      | Gained mutation: You have sharp fingernails. [potion of
                  | mutation]
  5388 | D:5      | Gained mutation: Your spells are a little easier to cast,
                  | but a little less powerful. [potion of mutation]
  5388 | D:5      | Gained mutation: You have hidden genetic potential. [potion
                  | of mutation]
  5389 | D:5      | Lost mutation: Your spells are a little easier to cast, but
                  | a little less powerful. [potion of mutation]
  5389 | D:5      | Lost mutation: You have hidden genetic potential. [potion
                  | of mutation]
  5389 | D:5      | Gained mutation: Your body sometimes deteriorates upon
                  | taking damage. [potion of mutation]
  5389 | D:5      | Gained mutation: Your muscles are strong. (Str +2) [potion
                  | of mutation]
  5389 | D:5      | Gained mutation: Your spells are a little easier to cast,
                  | but a little less powerful. [potion of mutation]
  5389 | D:5      | Gained mutation: You have sharp toenails. [potion of
                  | mutation]
  5740 | D:6      | Learned a level 6 spell: Starburst
  5745 | D:6      | Reached XP level 8. HP: 41/41 MP: 12/19
  6552 | D:7      | Found a staircase to the Ecumenical Temple.
  6567 | D:7      | Found a flagged portal.
  6580 | Bailey   | Entered a bailey
  6595 | Bailey   | Noticed an orc warlord
  6733 | Bailey   | Found a runed translucent gate.
  6734 | Bailey   | Found a runed translucent gate.
  6735 | Bailey   | Found a runed translucent gate.
  6798 | Bailey   | Slain by an orc warrior

Illustrated notes

Levels and vault maps discovered:
D:1:      dpeg_arrival_prison, layout_rooms
D:2:      layout_loops_cross
D:3:      layout_basic, minmay_increasing_density
D:4:      layout_rooms, mainiacjoe_overflow_24_doors, serial_shops, shop,
          ebering_ghost_disaster_area
D:5:      layout_rooms, small_statue_intersection
D:6:      layout_basic
D:7:      minmay_inner_zag, layout_gridville, temple_statues, enter_bailey_5
Bailey:   bailey_axe_bossmonster_kennysheep, bailey

Skill      XL: |  1  2  3  4  5  6  7  8 |
---------------+-------------------------+-----
Conjurations   | 2 3 13 | 13.9
Fire Magic     | 4 5 6 |  6.4
Spellcasting   | 4 5 6 7 |  7.2
Dodging        | |  2.4
Stealth        | |  2.4

Action                   |  1- 3 |  4- 6 |  7- 9 || total
-------------------------+-------+-------+-------++-------
Melee: Quarterstaff      |       |    11 |    22 ||    33
 Cast: Foxfire           |    41 |       |    40 ||    81
       Scorch            |    23 |    62 |    67 ||   152
       Flame Wave        |       |       |     2 ||     2
  Use: Potion            |     1 |     7 |     6 ||    14
       Scroll            |       |     9 |     3 ||    12
Armor: Robe              |     1 |     5 |     6 ||    12
Dodge: Dodged            |    13 |    43 |    48 ||   104
Block: Other             |       |     6 |    21 ||    27
       Reflection        |       |     1 |     3 ||     4

Table legend: (Time is in decaauts)
 A = Elapsed time spent in this place.
 B = Non-inter-level travel time spent in this place.
 C = Inter-level travel time spent in this place.
 D = Time resting spent in this place.
 E = Time spent auto-exploring this place.
 F = Levels seen in this place.
 G = Mean time per level.
                   A        B        C        D        E       F      G
               +--------+--------+--------+--------+--------+-----+--------+
         Total |   6788 |   6407 |    381 |      0 |   5490 |   8 |  848.5 |
       Dungeon |   6577 |   6196 |    381 |      0 |   5376 |   7 |  939.6 |
        Bailey |    210 |    210 |      0 |      0 |    113 |   1 |  210.0 |
               +--------+--------+--------+--------+--------+-----+--------+

Top non-repeatable levels by time:
     D:3: 1447 daAuts
     D:2: 1187 daAuts
     D:1: 1151 daAuts
     D:4: 834 daAuts
     D:6: 820 daAuts
     D:5: 778 daAuts
     D:7: 357 daAuts
  Bailey: 210 daAuts
